 Dungeon Crawl Stone Soup version 0.29-a0-923-g6e406bff71 (webtiles) character file.

Game seed: 1426905402781376640

8147 Newt the Carver (level 11, -12/80 HPs)
             Began as a Human Brigand on July 27, 2022.
             Was an Initiate of Gozag.
             Killed from afar by an oklob plant (32 damage)
             ... with a splash of acid
             ... on level 1 of the Lair of Beasts.
             The game lasted 00:22:08 (9463 turns).

Newt the Carver (Human Brigand)                     Turns: 9463, Time: 00:22:09

Health: -12/80     AC: -2    Str: 17    XL:     11   Next: 50%
Magic:  15/15      EV: 15    Int: 18    God:    Gozag
Gold:   642        SH:  5    Dex: 24    Spells: 16/16 levels left

rFire   + + +      SeeInvis .   n - +7 Throatcutter {drain, coup de grace}
rCold   + . .      Faith    .   (no shield)
rNeg    . . .      Spirit   .   t - +2 robe {rC+ rF+}
rPois   .          Reflect  +   H - +2 helmet "Keoloclays" {Dex+2}
rElec   .          Harm     .   c - +0 cloak
rCorr   .          Rampage  .   (no gloves)
Will    .....                   G - +1 pair of boots of Doucwal {Dex+2}
Stlth   +++++.....              M - amulet of Beogh's Anger {Reflect Drain rF+++ Str-4 Int+5 SH+5}
HPRegen 0.23/turn               u - +6 ring of dexterity
MPRegen 0.14/turn               L - +6 ring of strength

@: corroded, studying Hexes
A: no striking features
a: Renounce Religion, Potion Petition, Call Merchant, Bribe Branch


You were on level 1 of the Lair of Beasts.
You worshipped Gozag.
Gozag was pleased with you.
You visited 3 branches of the dungeon, and saw 10 of its levels.

You collected 1391 gold pieces.
You spent 678 gold pieces at shops.
You paid 71 gold pieces to Gozag.

Inventory:

Hand Weapons
 a - a +2 dagger
 l - a +2 falchion of holy wrath
 n - the +7 Throatcutter (weapon) {drain, coup de grace}
   (You took it off Terence on level 3 of the Dungeon)

   A truly terrible weapon, it drains the life of any living foe it strikes.
   It may instantly kill foes which have little health.
 I - the +5 long sword "Wayseott" {vorpal, Drain rC+ rN+ rCorr}
   (You found it on level 8 of the Dungeon)

   It inflicts extra damage upon your enemies.
   rC:        It protects you from cold.
   rN:        It protects you from negative energy.
   rCorr:     It protects you from acid and corrosion.
   Drain:     It drains your maximum health when unequipped.
 K - a +4 scimitar of flaming
Missiles
 d - 18 poisoned darts (quivered)
 v - 6 curare-tipped darts
 O - 6 silver boomerangs
Armour
 b - a +0 robe
 c - a +0 cloak (worn)
 t - a +2 robe of resistance (worn)
 x - a +0 leather armour of positive energy
 G - the +1 pair of boots of Doucwal (worn) {Dex+2}
   (You bought it in a shop on level 8 of the Dungeon)

   Dex:       It affects your dexterity (+2).
 H - the +2 helmet "Keoloclays" (worn) {Dex+2}
   (You bought it in a shop on level 8 of the Dungeon)

   Dex:       It affects your dexterity (+2).
Jewellery
 u - a +6 ring of dexterity (left hand)
 L - a +6 ring of strength (right hand)
 M - the amulet of Beogh's Anger (around neck) {Reflect Drain rF+++ Str-4 Int+5 SH+5}
   (You found it on level 1 of the Lair of Beasts)

   [amulet of reflection]

   It reflects blocked missile attacks.
   Str:       It affects your strength (-4).
   Int:       It affects your intelligence (+5).
   rF:        It renders you almost immune to fire.
   Drain:     It drains your maximum health when unequipped.
   SH:        It affects your SH (+5).
Wands
 e - a wand of mindburst (24)
 h - a wand of polymorph (17)
 p - a wand of acid (12)
 J - a wand of charming (11)
Scrolls
 f - 3 scrolls of vulnerability
 g - 5 scrolls of teleportation
 i - a scroll of silence {unknown}
 k - a scroll of poison {unknown}
 m - 2 scrolls of noise
 o - a scroll of immolation
 r - 2 scrolls of butterflies {unknown}
 y - a scroll of fear {unknown}
 z - a scroll of amnesia {unknown}
 A - a scroll of enchant armour {unknown}
 B - 3 scrolls of identify
 C - 2 scrolls of magic mapping {unknown}
 N - a scroll of enchant weapon {unknown}
Potions
 j - 2 potions of heal wounds
 q - a potion of berserk rage
 s - 2 potions of might
 w - 2 potions of curing
 D - 2 potions of ambrosia
 E - 2 potions of flight
 F - a potion of lignification


   Skills:
 + Level 5.3 Fighting
 - Level 2.6(8.4) Short Blades
 * Level 12.4(12.6) Long Blades
 + Level 3.3 Throwing
 + Level 3.9 Dodging
 + Level 9.1 Stealth
 * Level 3.1 Spellcasting
 * Level 5.5 Hexes


You had 16 spell levels left.
You didn't know any spells.
Your spell library contained the following spells:

 Spells                   Type           Power      Damage    Failure   Level
 Slow                     Hex            88%        N/A       1%          1
 Confusing Touch          Hex            22%        N/A       4%          3
 Ozocubu's Armour         Ice            2%         N/A       43%         3
 Vampiric Draining        Necr           2%         2d6       43%         3
 Airstrike                Air            1%         0-2+      85%         4
 Summon Lightning Spire   Summ/Air       2%         N/A       85%         4
 Lightning Bolt           Conj/Air       1%         1d12      99%         5
 Ozocubu's Refrigeration  Ice            1%         4d5       100%        7


Dungeon Overview and Level Annotations

Branches:
Dungeon (8/15)             Temple (1/1) D:4            Lair (1/5) D:8

Altars:
Ashenzari
Cheibriados
Dithmenos
Elyvilon
Fedhas
Gozag
Kikubaaqudgha
Makhleb
Nemelex Xobeh
Okawaru
Qazlal
Ru
Sif Muna
Trog
Uskayaw
Vehumet
Wu Jian
Xom
Yredelemnul
The Shining One

Shops:
D:6 ?   D:8 [

Annotations:
D:7 2 runed translucent doors
D:8 2 transporters
Lair:1 exclusion: oklob plant


Message History

Press: ? - help, Dir - move target, f - oklob plant
Aim: an oklob plant (unaware, hasn't noticed you, about 2% to evade the +7 Throatcutter)
Your weapon can't reach that far!
Okay, then.
The rime drake hisses angrily.
The rime drake breathes ice at you.
The flash freeze reflects off an invisible shield around you!
The flash freeze hits the rime drake!
The rime drake partially resists.
The rime drake is flash-frozen.
You slash the rime drake! You drain the rime drake.
You kill the rime drake!
You now have 642 gold pieces (gained 13).
There is a shaft here.
You open the door.
Found a rapier.
There is an open door here.
You open the door.
There is an open door here.
You open the door.
Aiming: Corrosive Bolt
Press: ? - help, Q - select action, (/) - cycle Shift-Dir - straight line Out of range.
Okay, then.
Found a scroll labelled LUDWAIF VYGA.
The oklob plant spits acid at you. The splash of acid hits you!
The acid corrodes you!
There is an open door here.
The oklob plant spits acid at you. The splash of acid hits you!
The acid corrodes you!
You hit the oklob plant but do no damage.
The oklob plant spits acid at you. The splash of acid hits you!!
* * * LOW HITPOINT WARNING * * *
The acid corrodes you!
You hit the oklob plant.
The oklob plant is lightly damaged.
The oklob plant spits acid at you. The splash of acid hits you!!
You die...
Your body crumbles into a pile of gold.

##### ## ###.#.##.# #
#.......# .#######
#.......## #.......
#........#####.......
#..P@...'..##........
#.......##...#.......
#?../....#.#.'.......
#........#####...)...
#####'.### #.......
##..## #....... #..##
##'###.# ##.#######
#..# # ##
##.##...^#####.#


You could see an oklob plant.

Vanquished Creatures
  Erica (Lair:1)
  Pikel (D:4)
  A cane toad (Lair:1)
  A rime drake (Lair:1)
  2 komodo dragons (Lair:1)
  Sigmund (D:6)
  2 wyverns
  12 yaks
  2 water moccasins
  Duvessa (D:7)
  4 black bears
  An ice beast (D:8)
  5 orc warriors
  2 ogres
  A lemure (D:4)
  A phantom (D:5)
  3 scorpions
  9 bullfrogs
  2 necrophages
  12 wights
  Dowan (D:7)
  3 howler monkeys (D:8)
  2 hounds (D:4)
  A centaur zombie (D:7)
  6 orc priests
  A jelly (D:5)
  Jessica (D:3)
  4 iguanas
  Terence (D:3)
  4 orc wizards
  A howler monkey zombie (D:7)
  7 gnolls
  6 adders
  A shadow imp (D:6)
  A white imp (D:7)
  An ufetubus (D:4)
  A worm (D:4)
  3 dart slugs
  38 orcs
  7 ball pythons
  4 endoplasms
  6 giant cockroaches
  3 goblins
  3 hobgoblins
  4 kobolds
  2 quokkas (D:4)
  3 bats (D:3)
  5 rats
184 creatures vanquished.

Vanquished Creatures (others)
  46 fungi (D:8)
  60 plants
106 creatures vanquished.

Grand Total: 290 creatures vanquished

Notes
Turn   | Place    | Note
-------+----------+-------------------------------------------
     0 | D:1      | Newt the Human Brigand began the quest for the Orb.
     0 | D:1      | Reached XP level 1. HP: 16/16 MP: 1/1
    17 | D:1      | You fall into a shaft and drop 1 floor!
   363 | D:2      | Reached XP level 2. HP: 17/22 MP: 2/2
   497 | D:2      | Reached XP level 3. HP: 24/27 MP: 3/3
   931 | D:3      | Reached skill level 5 in Stealth
   933 | D:3      | Reached XP level 4. HP: 33/33 MP: 4/4
  1456 | D:3      | Noticed Terence
  1466 | D:3      | Killed Terence
  1771 | D:3      | Reached skill level 1 in Long Blades
  1771 | D:3      | Reached XP level 5. HP: 21/39 MP: 5/5
  2218 | D:3      | Reached skill level 2 in Long Blades
  2353 | D:3      | Noticed Jessica
  2358 | D:3      | Killed Jessica
  2359 | D:3      | Reached XP level 6. HP: 46/46 MP: 6/6
  2581 | D:4      | Found Vidagi's Antique Armour Shop.
  2617 | D:4      | Reached skill level 3 in Long Blades
  2624 | D:4      | Noticed Pikel
  2634 | D:4      | Killed Pikel
  2635 | D:4      | Reached skill level 5 in Long Blades
  2635 | D:4      | Reached XP level 7. HP: 45/51 MP: 7/7
  2873 | D:4      | Reached XP level 8. HP: 50/57 MP: 8/8
  3003 | D:4      | Found a staircase to the Ecumenical Temple.
  3033 | Temple   | Entered the Ecumenical Temple
  3045 | Temple   | Became a worshipper of the Shining One
  3075 | D:4      | Was placed under penance by the Shining One
  3139 | Temple   | Fell from the grace of the Shining One
  3139 | Temple   | Became a worshipper of Gozag Ym Sagoz the Greedy
  3290 | D:5      | Entered Level 5 of the Dungeon
  3303 | D:5      | Reached skill level 6 in Long Blades
  4638 | D:6      | Reached skill level 7 in Long Blades
  4777 | D:6      | Found a broken altar of Ashenzari.
  4790 | D:6      | Found Pivvoh's Magic Scroll Shoppe.
  4799 | D:6      | Bought a scroll of identify for 26 gold pieces
  4799 | D:6      | Bought a scroll of identify for 26 gold pieces
  4810 | D:6      | Reached XP level 9. HP: 64/64 MP: 9/9
  4819 | D:6      | Reached skill level 8 in Long Blades
  5276 | D:6      | Noticed Sigmund
  5285 | D:6      | Killed Sigmund
  5575 | D:7      | Found a stormy altar of Qazlal.
  5577 | D:7      | Found a snail-covered altar of Cheibriados.
  5827 | D:7      | Found a bloodstained altar of Trog.
  5954 | D:7      | Reached skill level 9 in Long Blades
  6130 | D:7      | Found a basalt altar of Yredelemnul.
  6277 | D:7      | Noticed Dowan
  6278 | D:7      | Noticed Duvessa
  6286 | D:7      | Killed Dowan
  6292 | D:7      | Killed Duvessa
  6368 | D:7      | Found a large runed translucent door.
  6368 | D:7      | Found a large runed translucent door.
  6577 | D:7      | Reached XP level 10. HP: 57/71 MP: 10/10
  7132 | D:8      | Found a staircase to the Lair.
  7140 | D:8      | Reached skill level 10 in Long Blades
  7140 | D:8      | Reached skill level 1 in Hexes
  7167 | D:8      | Reached skill level 1 in Spellcasting
  7251 | D:8      | Identified the +12 rapier "Sineuqio" {vorpal, Dex+2}
  7379 | D:8      | Found a flagged portal.
  7710 | D:8      | Found Hahudo Qiell's Antique Armour Shoppe.
  7713 | D:8      | Bought a pair of glimmering boots for 313 gold pieces
  7713 | D:8      | Identified the +1 pair of boots of Doucwal {Dex+2} (You
                  | bought it in a shop on level 8 of the Dungeon)
  7713 | D:8      | Bought a polished helmet for 313 gold pieces
  7713 | D:8      | Identified the +2 helmet "Keoloclays" {Dex+2} (You bought
                  | it in a shop on level 8 of the Dungeon)
  7756 | D:8      | Found a transporter.
  7784 | D:8      | Found a transporter.
  7804 | D:8      | Found a transporter.
  7806 | D:8      | Found a transporter.
  8002 | D:8      | Reached skill level 11 in Long Blades
  8009 | D:8      | Identified the +5 long sword "Wayseott" {vorpal, Drain rC+
                  | rN+ rCorr}
  8501 | Lair:1   | Entered Level 1 of the Lair of Beasts
  8510 | Lair:1   | Noticed Erica
  8520 | Lair:1   | Killed Erica
  8523 | Lair:1   | Reached skill level 5 in Fighting
  8775 | Lair:1   | Reached XP level 11. HP: 66/79 MP: 14/14
  8793 | Lair:1   | Reached skill level 5 in Hexes
  8959 | Lair:1   | Reached skill level 12 in Long Blades
  9172 | Lair:1   | Identified the amulet of Beogh's Anger {Reflect Drain rF+++
                  | Str-4 Int+5 SH+5}
  9418 | Lair:1   | Noticed an oklob plant
  9463 | Lair:1   | Killed from afar by an oklob plant

Illustrated notes

Levels and vault maps discovered:
D:1:      tarquinn_simple_flora_water_f, layout_basic,
          dreamdust_ecumenical_altar_hidden_monk_grotto
D:2:      layout_basic
D:3:      layout_basic, uniq_jessica, uniq_terence
D:4:      layout_rooms, minmay_temple_entry_junction_2, serial_shops,
          nicolae_shop_overgrown_old_shop, nrook_campfire, minmay_manual_mullet,
          uniq_pikel
D:5:      layout_layer_cave
D:6:      layout_loops_ring, general_overflow_altar, serial_shops, shop,
          uniq_sigmund
D:7:      layout_basic, nicolae_overflow_hidden_temple,
          mainiacjoe_overflow_boulevard, jmf_multi_god_temple2,
          lemuel_zombie_altar_yredelemnul, uniq_duvessa
D:8:      layout_basic, due_lair_maze_entry_diamond, enter_bailey_1,
          serial_shops, kennysheep_mini, nicolae_diode_intersection
Temple:   minmay_freezing_vapour_temple
Lair:1:   layout_roguey, minmay_holes, lemuel_fruit_tree, grunt_megastairs_3,
          uniq_erica

Skill      XL: |  1  2  3  4  5  6  7  8  9 10 11 |
---------------+----------------------------------+-----
Stealth        | 5 6 7 8 9 |  9.1
Long Blades    | 1 2 5 7 9 11 12 | 12.4
Throwing       | 3 |  3.3
Fighting       | 3 4 5 |  5.3
Dodging        | 2 3 |  3.9
Hexes          | 4 5 |  5.5
Spellcasting   | 2 3 |  3.1
Short Blades   | |  2.6

Action                   |  1- 3 |  4- 6 |  7- 9 | 10-12 || total
-------------------------+-------+-------+-------+-------++-------
Melee: Dagger            |    56 |       |       |       ||    56
       Falchion          |       |    26 |       |       ||    26
       Long sword        |       |    47 |   156 |   152 ||   355
       Punch             |       |       |     2 |     1 ||     3
Throw: Dart              |    12 |    13 |       |     3 ||    28
  Use: Scroll            |       |       |     5 |     5 ||    10
       Potion            |       |       |     1 |     1 ||     2
 Stab: Sleeping          |     3 |     9 |    17 |     4 ||    33
       Distracted        |       |       |     2 |     4 ||     6
Armor: Robe              |     3 |     9 |    25 |    23 ||    60
Dodge: Dodged            |    28 |    47 |    57 |    59 ||   191
Block: Other             |       |       |       |     1 ||     1
       Reflection        |       |       |       |     1 ||     1

Table legend: (Time is in decaauts)
 A = Elapsed time spent in this place.
 B = Non-inter-level travel time spent in this place.
 C = Inter-level travel time spent in this place.
 D = Time resting spent in this place.
 E = Time spent auto-exploring this place.
 F = Levels seen in this place.
 G = Mean time per level.
                   A        B        C        D        E       F      G
               +--------+--------+--------+--------+--------+-----+--------+
         Total |   9475 |   9206 |    269 |   1482 |   6273 |  10 |  947.5 |
       Dungeon |   8457 |   8188 |    269 |   1265 |   5803 |   8 | 1057.1 |
        Temple |     69 |     69 |      0 |      0 |      0 |   1 |   69.0 |
          Lair |    949 |    949 |      0 |    217 |    470 |   1 |  949.0 |
               +--------+--------+--------+--------+--------+-----+--------+

Top non-repeatable levels by time:
     D:3: 1802 daAuts
     D:8: 1655 daAuts
     D:7: 1258 daAuts
     D:5: 1226 daAuts
     D:6: 1057 daAuts
  Lair:1: 949 daAuts
     D:2: 769 daAuts
     D:4: 671 daAuts
  Temple: 69 daAuts
     D:1: 16 daAuts
